Map: Lerilak Crest

Players

LilDicky - Winner!

  • Race: Terran Terran
  • League: Diamond

socks

  • Race: Terran Terran
  • League: Platinum

VOD

http://www.twitch.tv/tumescentpie

Description

Time

  • Played on: Dec. 1, 2015, 9:06 p.m.
  • Length: 21:01
Show
View Real Time Build Order
Export as new Build Order

LilDicky Terran - Winner!

Build Orders: Banshee Rush 

Get SALT Encoding   

  12  0:01  SCV  
  13  0:13  SCV  
  14  0:19  Supply Depot  
  14  0:26  Refinery  
  14  0:29  SCV  
  15  0:41  SCV  
  16  0:47  Barracks  
  16  0:53  SCV  
  17  1:05  SCV  
  18  1:22  SCV  
  19  1:37  Marine  
  19  1:38  Supply Depot  
  21  1:40  Orbital Command  
  21  1:43  Refinery  
  20  1:47  Factory  
  20  1:59  Marine  
  21  2:06  SCV  
  22  2:17  Marine  
  22  2:18  SCV  
  23  2:32  Factory Tech Lab, Starport  
  23  2:35  SCV, Marine  
  25  2:53  Marine  
  26  2:59  SCV  
  27  3:08  Command Center  
  27  3:11  SCV  
  28  3:18  Cloaking Field  
  28  3:19  Banshee  
  31  3:25  Widow Mine  
  33  3:27  Supply Depot  
  33  3:30  SCV  
  34  3:34  Marine  
  35  3:42  SCV  
  36  3:54  SCV  
  37  4:02  Factory Reactor  
  37  4:04  Banshee  
  37  4:06  SCV  
  37  4:07  Marine  
  42  4:19  SCV  
  43  4:29  Marine  
  44  4:56  SCV  
  42  5:04  Siege Tank  
  42  5:06  Viking x2  
  46  5:29  Marine  
  47  5:36  SCV, Siege Tank, Medivac x2  
  55  5:47  Marine  
  47  6:03  Orbital Command  
  47  6:04  Marine  
  47  6:08  SCV, Siege Tank  
  47  6:09  Refinery  
  52  6:20  SCV  
  52  6:21  Command Center  
  49  6:30  Viking x2  
  53  6:36  SCV x2  
  55  6:41  Siege Tank  
  57  6:48  SCV  
  56  7:04  Starport  
  56  7:06  SCV x2, Refinery  
  58  7:13  Siege Tank  
  61  7:25  SCV  
  62  7:33  SCV  
  63  7:37  SCV  
  64  7:45  Siege Tank  
  64  7:54  Marine  
  64  7:56  Starport Tech Lab  
  65  7:58  SCV  
  64  8:17  Siege Tank  
  67  8:23  Orbital Command  
  67  8:27  SCV x2  
  69  8:34  Banshee  
  69  8:37  Starport, Barracks  
  69  8:39  Barracks  
  72  8:42  Barracks  
  72  8:44  High Capacity Fuel Tanks  
  73  8:54  Siege Tank  
  75  8:55  Viking  
  75  8:59  Barracks Tech Lab  
  77  9:05  Supply Depot  
  77  9:09  SCV, Viking  
  80  9:11  Command Center  
  80  9:15  Engineering Bay  
  80  9:17  Engineering Bay  
  80  9:18  Starport Tech Lab  
  80  9:23  Liberator  
  80  9:25  Viking  
  80  9:28  Barracks Reactor, Barracks Tech Lab  
  80  9:29  Barracks Reactor  
  80  9:31  Stimpack, Marine  
  83  9:41  Banshee  
  89  9:46  SCV x2  
  89  9:47  SCV, Refinery x2  
  89  9:48  Marine  
  92  9:58  SCV  
  92  9:59  SCV x2, Marine  
  95  10:01  Banshee  
  95  10:02  Viking  
  101  10:09  Missile Turret  
  101  10:12  Missile Turret  
  101  10:19  Missile Turret  
  101  10:22  SCV x3, Marine x2  
  101  10:24  Missile Turret x2  
  101  10:27  Missile Turret x2  
  101  10:28  Supply Depot x2  
  106  10:34  Sensor Tower  
  106  10:35  SCV  
  107  10:41  SCV x2  
  107  10:42  Orbital Command  
  109  10:47  SCV  
  110  10:53  SCV x2  
  112  10:59  SCV  
  112  11:01  Orbital Command  
  110  11:04  Refinery  
  110  11:05  SCV, Refinery  
  110  11:11  SCV  
  95  11:39  SCV  
  97  11:40  SCV  
  97  11:41  Missile Turret  
  97  11:45  Missile Turret  
  91  12:09  Banshee x2, Viking x2  
  91  12:14  Terran Infantry Weapons Level 1, Terran Infantry Armor Level 1  
  91  12:15  Combat Shields  
  98  12:16  Concussive Shells, Fusion Core  
  98  12:17  Marine x4  
  98  12:18  Siege Tank  
  98  12:20  SCV  
  106  12:30  Marine  
  106  12:31  Marine  
  106  12:32  SCV  
  106  12:34  Marine  
  106  12:35  Marine x2  
  112  12:38  Marine  
  112  12:40  Factory  
  113  12:48  Marine  
  113  12:49  Marine  
  115  12:52  Banshee x2, Marine  
  115  12:53  Marine x2  
  124  13:06  Marine  
  124  13:07  Marine x2  
  107  13:46  Marine x4  
  107  13:47  Marine x2  
  107  13:48  SCV x3  
  109  13:49  Factory Tech Lab  
  109  13:57  Barracks x2  
  109  13:58  Barracks x2  
  109  13:59  Barracks  
  109  14:03  Barracks x2, Marine  
  109  14:05  Marauder x2  
  109  14:08  Siege Tank  
  109  14:09  Banshee, Siege Tank  
  120  14:10  Banshee, Viking x2  
  130  14:26  Marauder  
  113  14:39  Marine  
  113  14:40  Viking x2  
  113  14:41  Marine x4  
  120  14:47  Marine  
  120  14:48  Command Center, SCV x2  
  123  14:52  Viking  
  123  14:53  Viking  
  123  14:57  Marine  
  123  14:59  Marine  
  125  15:00  Marauder  
  125  15:05  Marauder  
  125  15:10  Viking x2  
  118  15:27  Marine  
  118  15:28  Marine x5  
  121  15:38  Marine  
  121  15:39  Marine x2  
  121  15:40  Medivac x3  
  130  15:46  Marauder  
  130  15:47  Supply Depot x2  
  130  15:48  Supply Depot  
  132  16:00  Banshee, Marauder, Marine x3  
  137  16:07  Widow Mine x2  
  137  16:08  Marine, Marauder  
  137  16:09  Marine  
  137  16:10  Banshee  
  148  16:15  Armory  
  148  16:16  Armory  
  148  16:17  Orbital Command  
  148  16:20  Marine x2  
  148  16:21  Marine  
  148  16:22  Marauder  
  153  16:28  Command Center  
  153  16:29  Marauder  
  153  16:30  Marine x6  
  148  16:36  Widow Mine  
  148  16:38  Marine x2  
  148  16:39  Marine  
  151  16:43  Banshee, Marine  
  151  16:47  Marine  
  151  16:48  Marine x5  
  151  16:50  Marauder  
  156  16:56  Marine x2  
  156  16:59  Banshee  
  156  17:01  Marauder  
  150  17:12  Siege Tank x2  
  153  17:32  Terran Infantry Weapons Level 2, Terran Infantry Armor Level 2  
  153  17:33  Terran Vehicle And Ship Armor Level 1  
  153  17:36  Terran Vehicle Weapons Level 1  
  153  17:37  Marine  
  153  17:44  Siege Tank x2  
  160  17:47  Marine  
  161  17:52  Refinery  
  161  17:53  Refinery  
  160  18:00  Marine x2  
  159  18:13  Missile Turret  
  159  18:16  Siege Tank x2  
  142  18:35  Marine  
  142  18:36  Marine x10  
  145  18:48  Siege Tank x2  
  136  18:53  Marine  
  136  18:54  Marauder x2, Marine x8  
  148  18:57  Banshee x2, Viking  
  148  19:01  Viking  
  155  19:08  Orbital Command  
  134  19:19  Marine x4  
  134  19:21  Marine x2  
  134  19:22  Marine  
  134  19:24  Siege Tank, Marine x2  
  132  19:25  Marine x2  
  132  19:29  Siege Tank  
  130  19:37  Marine x3  
  127  19:53  Missile Turret  
Show
View Real Time Build Order
Export as new Build Order

socks Terran 

Build Orders: Reaper Expand 

Get SALT Encoding   

  12  0:01  SCV  
  13  0:13  SCV  
  14  0:23  Supply Depot  
  14  0:25  SCV  
  15  0:37  Refinery  
  15  0:44  SCV  
  15  0:45  Barracks  
  16  0:57  SCV  
  17  1:09  SCV  
  18  1:21  SCV  
  19  1:33  Reaper, Orbital Command  
  20  1:56  Command Center  
  20  2:01  Factory  
  20  2:08  Supply Depot  
  20  2:23  Reaper  
  20  2:25  SCV  
  22  2:37  SCV  
  23  2:46  Refinery  
  23  2:49  SCV  
  23  2:50  Barracks  
  24  2:53  Barracks  
  24  2:54  Hellion  
  26  3:05  Starport  
  26  3:08  SCV  
  26  3:12  Marine  
  28  3:17  Bunker  
  28  3:23  Orbital Command  
  28  3:29  Marine  
  28  3:33  SCV  
  30  3:38  Marine  
  31  3:44  Engineering Bay  
  31  3:47  Marine  
  32  4:00  SCV x2  
  34  4:11  Missile Turret  
  34  4:12  SCV  
  34  4:13  SCV, Marine  
  36  4:19  Factory Tech Lab  
  36  4:24  SCV  
  36  4:26  Missile Turret  
  34  4:35  Viking  
  36  4:41  SCV  
  36  4:42  SCV  
  36  4:45  Marine x3  
  37  4:53  SCV  
  37  4:55  SCV  
  38  5:03  Marine  
  38  5:04  Marine x2  
  38  5:06  SCV  
  42  5:07  SCV  
  42  5:08  Siege Tank  
  46  5:23  Bunker  
  46  5:29  Supply Depot  
  46  5:42  Supply Depot  
  46  5:50  Marine x2  
  46  5:51  SCV x2  
  50  6:00  Siege Tank  
  50  6:02  Missile Turret  
  50  6:03  SCV x2  
  55  6:05  Supply Depot  
  55  6:08  Marine  
  55  6:09  Medivac  
  58  6:11  Barracks Tech Lab  
  58  6:15  SCV x2  
  59  6:27  SCV x2  
  59  6:32  Siege Tank  
  64  6:33  Bunker  
  64  6:38  Supply Depot  
  64  6:39  SCV  
  66  6:40  SCV  
  63  6:51  SCV  
  63  6:52  SCV  
  62  7:04  Siege Tank  
  65  7:10  SCV, Starport Reactor  
  65  7:12  SCV, Stimpack  
  67  7:21  Barracks x2  
  67  7:22  SCV  
  67  7:24  SCV  
  67  7:26  Supply Depot  
  67  7:28  Refinery  
  67  7:29  Refinery  
  69  7:35  SCV  
  69  7:36  SCV  
  71  7:47  SCV  
  72  7:51  Viking x2  
  75  8:11  Liberator x2  
  75  8:12  SCV x2  
  69  8:20  Barracks Tech Lab x3  
  69  8:26  Command Center, Starport  
  69  8:30  SCV  
  76  8:40  Supply Depot  
  76  8:42  Supply Depot  
  76  8:50  SCV x2  
  76  8:51  Marauder, Marine x2  
  82  9:02  SCV  
  83  9:03  Combat Shields  
  83  9:04  Supply Depot x2  
  83  9:05  Starport Reactor  
  83  9:08  Terran Infantry Armor Level 1  
  83  9:09  Marauder, Marine  
  86  9:12  SCV  
  86  9:13  Marauder  
  86  9:14  SCV  
  90  9:24  SCV  
  90  9:26  SCV, Marine  
  90  9:29  Medivac x2  
  90  9:31  Marauder  
  99  9:38  Orbital Command  
  99  9:41  Command Center  
  99  9:42  SCV x2  
  101  9:54  Barracks Reactor, Missile Turret  
  101  9:57  Engineering Bay  
  101  10:00  Armory  
  101  10:05  Concussive Shells  
  101  10:06  Marauder x2, Marine x2  
  107  10:15  SCV  
  107  10:17  Refinery  
  107  10:19  Siege Tank, Refinery  
  107  10:20  Supply Depot  
  111  10:24  Marauder, Marine  
  111  10:26  Factory  
  114  10:36  Marauder, Viking, Marine  
  114  10:37  Viking  
  114  10:38  Supply Depot  
  114  10:40  Supply Depot  
  117  11:06  Viking  
  79  11:18  Missile Turret  
  79  11:19  Viking x2  
  79  11:25  Starport  
  78  11:27  Starport  
  78  11:29  Orbital Command  
  78  11:33  Viking  
  78  11:35  Missile Turret  
  78  11:36  Viking  
  78  11:37  Terran Ship Weapons Level 1  
  82  11:40  Armory  
  79  12:12  Siege Tank  
  79  12:13  Factory Tech Lab  
  79  12:14  Marine x3  
  79  12:15  Marauder x3  
  91  12:16  Starport Tech Lab  
  91  12:17  Starport Tech Lab  
  91  12:19  SCV x2  
  93  12:32  Marine x3  
  93  12:36  Marauder, Missile Turret, Marine x2  
  100  12:38  Missile Turret  
  100  12:42  Terran Infantry Weapons Level 1  
  100  12:44  Siege Tank  
  100  12:45  Terran Infantry Armor Level 2  
  100  12:49  Terran Vehicle Weapons Level 1  
  100  12:50  Marine  
  100  12:51  Medivac  
  106  12:52  Orbital Command  
  106  12:57  Command Center  
  106  13:05  Marine x2  
  107  13:06  Marauder x2  
  112  13:13  Barracks  
  112  13:16  Barracks x2  
  106  13:27  Viking  
  106  13:28  Viking  
  110  13:40  Liberator  
  104  13:44  Marine x2  
  104  13:45  Marauder x2  
  104  13:48  Siege Tank  
  111  13:53  Siege Tank  
  114  13:57  Viking  
  119  14:06  Barracks Tech Lab x2  
  119  14:07  Barracks Tech Lab  
  119  14:10  Liberator  
  119  14:20  Siege Tank  
  119  14:36  Orbital Command  
  110  14:42  Marine x2  
  110  14:43  Marauder x2  
  116  14:53  Marauder, Marine x3  
  116  14:54  Siege Tank x2, Marine  
  116  14:55  Medivac  
  116  14:58  Terran Infantry Weapons Level 2  
  130  15:00  Terran Ship Weapons Level 2, Marine x2  
  130  15:03  SCV x2  
  130  15:04  Marauder x2  
  134  15:10  Medivac  
  134  15:11  Marauder  
  115  15:39  Marine x5  
  115  15:40  Marine x4  
  115  15:42  Medivac x2  
  128  15:53  Command Center  
  128  15:57  Marine x6  
  128  15:58  Marine x3  
  137  16:06  Orbital Command  
  137  16:15  Marauder, Marine x2  
  137  16:16  Marauder x2  
  139  16:40  Terran Infantry Armor Level 3  
  139  16:43  Marine x4  
  139  16:44  Marine x5  
  139  16:45  Siege Tank  
  122  17:11  Orbital Command  
  122  17:29  Marine x2  
  125  17:30  Marauder  
  126  17:39  Marine x4  
  126  17:40  Marauder x2  
  126  17:41  Medivac x2  
  138  17:47  Marine  
  141  17:51  Marauder  
  141  17:58  Missile Turret  
  141  17:59  Missile Turret  
  141  18:05  Missile Turret  
  141  18:11  Viking  
  134  18:34  Marine x7  
  124  18:38  Marine x2  
  101  18:51  Marine  
  101  18:52  Marine x6  
  102  18:59  Marine x2  
  104  19:09  Marine x3  
  101  19:10  Marine  
  85  19:49  Marine x3  
  85  19:51  Siege Tank  
  85  19:52  Siege Tank, Marine  
  91  19:53  Marine  
  80  20:16  Marine  
  80  20:17  Marauder  
  71  20:42  Marine  
Tags
 
Add a new tag
Caveats
  • Supply blocks, unpowered buildings, or Contaminate may cause inaccurate times.
  • Supply counts are checked every 10 seconds.